 Dungeon Crawl Stone Soup version 0.17.1-3-g152610e (webtiles) character file.

1876 theElss the Cudgeler (level 9, -4/88 HPs)
             Began as a Gargoyle Berserker on Feb 20, 2016.
             Was an Elder of Trog.
             Slain by an orc warrior
             ... wielding a +0 halberd
              (13 damage)
             ... on level 8 of the Dungeon.
             The game lasted 00:15:14 (5752 turns).

theElss the Cudgeler (Gargoyle Berserker)           Turns: 5752, Time: 00:15:15

Health: -4/88      AC: 14    Str: 35    XL:     9   Next: 14%
Magic:  9/9        EV: 11    Int:  7    God:    Trog [****..]
Gold:   326        SH:  0    Dex: 10    Spells: 0 memorised, 8 levels left

rFire  . . .     SeeInvis .     a - +0 mace
rCold  . . .     Clarity  .     n - +0 scale mail
rNeg   + . .     SustAt   +     (no shield)
rPois  ∞         Gourm    .     (no helmet)
rElec  +         Spirit   .     u - +1 cloak
rCorr  .         Warding  .     (no gloves)
rMut   .         Stasis   .     y - -3 pair of boots of Ogaefoff {Str+6} (curse)
MR     .....                    (no amulet)
Stlth  ..........               g - ring of sustain attributes
                                D - ring of wizardry

@: berserking (expiring), slowed, not resistant to hostile enchantments,
extremely unstealthy
A: negative energy resistance 1, electricity resistance, unbreathing,
petrification resistance, rot immunity, AC +5
a: Berserk, Trog's Hand, Brothers in Arms, Burn Spellbooks, Renounce Religion


You were on level 8 of the Dungeon.
You worshipped Trog.
Trog was greatly pleased with you.
You were not hungry.

You visited 1 branch of the dungeon, and saw 7 of its levels.

You collected 326 gold pieces.

Inventory:

Hand Weapons
 a - a +0 mace (weapon)
 m - a +1 vampiric whip
Armour
 b - a +0 animal skin
 n - a +0 scale mail (worn)
 p - a +1 leather armour
 u - a +1 cloak (worn)
 y - the cursed -3 pair of boots of Ogaefoff (worn) {Str+6}
   (You found it on level 5 of the Dungeon)

   It affects your strength (+6).
   It has a curse placed upon it.
Jewellery
 g - a ring of sustain attributes (right hand)
 D - a ring of wizardry (left hand)
Wands
 j - a wand of digging (2)
 v - a wand of frost (15)
 E - a wand of paralysis (16)
Scrolls
 e - 3 scrolls of remove curse
 f - a scroll of fog
 t - a scroll of fear
 B - a scroll of immolation {unknown}
 C - a scroll of noise {unknown}
 F - a scroll of recharging {unknown}
 G - a scroll of identify
Potions
 d - 2 potions of cancellation
 h - a potion of cure mutation {unknown}
 i - 3 potions of curing {unknown}
 k - 2 potions of magic {unknown}
 l - 3 potions of brilliance {unknown}
 o - a potion of poison {unknown}
 s - a potion of heal wounds {unknown}
 w - a potion of ambrosia {unknown}
 x - a potion of invisibility
 z - a potion of haste {unknown}
 A - a potion of degeneration {unknown}
Comestibles
 c - 4 bread rations
 q - 2 meat rations
 r - 2 slices of pizza
 H - 2 chunks of flesh
 I - a beef jerky


   Skills:
 + Level 7.8 Fighting
 + Level 7.9 Maces & Flails
 + Level 7.1 Armour
 - Level 1.6 Dodging


You had 8 spell levels left.
You didn't know any spells.

Dungeon Overview and Level Annotations

Branches:
Dungeon (8/15)             Temple (0/1) D:5
   Lair: D:8-11

Altars:
Cheibriados
Elyvilon
Fedhas
Gozag
Makhleb
Okawaru
Qazlal
Sif Muna
Vehumet
Xom
The Shining One

Shops:
D:5 :


Innate Abilities, Weirdness & Mutations

You are resistant to torment.
Your stone body is resilient (AC +5).
You are immune to poison.
You resist negative energy.
You are resistant to electric shocks.
You can survive without breathing.
You are immune to petrification.
You are immune to rotting.


Message History

You sock the orc wizard!
You kill the orc wizard!
Trog accepts your kill.
Trog appreciates your killing of a magic user.
The orc barely misses you.
You sock the orc!
You kill the orc!
Trog accepts your kill. The orc warrior closely misses you.
Things that are here:
a dagger; a robe You closely miss the orc warrior.
The orc warrior hits you with a halberd!
* * * LOW HITPOINT WARNING * * *
The giant gecko barely misses you.
You sock the orc warrior!
The orc warrior is moderately wounded.
The giant gecko closely misses you.
The orc warrior hits you with a halberd!
You die...

#......# ##.#....#
#..#.#### #.##.# ##
######.##.###### ..
..##..........# ##.
#.##..........#
#.#...#)###.........#
...._ol@............#
#.#...#o#...........#
##. #.#...........#
.. ..#...........# ##
####...........#
..#........
############


You could see an orc warrior, an orc and a giant gecko.

Vanquished Creatures
  The ghost of bollicks1999 the Blocker, a novice MiFi (D:6)
  An ogre (D:6)
  A black bear (D:6)
  An orc warrior (D:6)
  A phantom (D:8)
  2 centaurs
  Blork the orc (D:4)
  A giant frog (D:6)
  2 scorpions (D:5)
  3 hounds
  2 crimson imps
  5 orc wizards
  An iguana (D:6)
  Natasha (thrice) (D:4)
  A worker ant (D:3)
  A hound zombie (D:5)
  2 adders
  3 oozes
  2 adder zombies
  4 worms
  A giant gecko (D:4)
  18 orcs
  4 giant cockroaches
  16 goblins
  10 hobgoblins
  10 jackals
  2 quokkas
  A ball python (D:1)
  7 bats
  5 giant newts
  11 kobolds
  10 rats
133 creatures vanquished.

Notes
Turn   | Place    | Note
--------------------------------------------------------------
     0 | D:1      | theElss the Gargoyle Berserker began the quest for the Orb.
     0 | D:1      | Reached XP level 1. HP: 14/14 MP: 1/1
   193 | D:1      | Reached XP level 2. HP: 14/20 MP: 2/2
   604 | D:1      | Reached XP level 3. HP: 19/24 MP: 3/3
   765 | D:1      | Reached ** piety under Trog
   765 | D:1      | Reached skill level 4 in Fighting
  1692 | D:2      | Reached XP level 4. HP: 26/29 MP: 4/4
  2279 | D:3      | Found a blossoming altar of Fedhas.
  2624 | D:3      | Reached *** piety under Trog
  2850 | D:3      | Reached XP level 5. HP: 31/34 MP: 5/5
  3194 | D:4      | Noticed Natasha
  3203 | D:4      | Killed Natasha
  3203 | D:4      | Reached skill level 5 in Fighting
  3385 | D:4      | Found a deep blue altar of Sif Muna.
  3394 | D:4      | Reached skill level 5 in Maces & Flails
  3400 | D:4      | Reached XP level 6. HP: 34/40 MP: 6/6
  3638 | D:4      | Found a burning altar of Makhleb.
  3669 | D:4      | Noticed Natasha
  3677 | D:4      | Killed Natasha
  3702 | D:4      | Found a stormy altar of Qazlal.
  3760 | D:4      | Reached **** piety under Trog
  3763 | D:4      | Noticed Blork the orc
  3775 | D:4      | Killed Blork the orc
  3812 | D:4      | Noticed Natasha
  3819 | D:4      | Killed Natasha
  4086 | D:5      | Entered Level 5 of the Dungeon
  4086 | D:5      | Found an iron altar of Okawaru.
  4183 | D:5      | Found Milagyab's Book Shoppe.
  4258 | D:5      | Found an iron altar of Okawaru.
  4382 | D:5      | Reached XP level 7. HP: 28/45 MP: 7/7
  4383 | D:5      | Found a staircase to the Ecumenical Temple.
  4388 | D:5      | Reached skill level 6 in Fighting
  4655 | D:5      | Got a pair of bloodstained boots
  4661 | D:5      | Identified the cursed -3 pair of boots of Ogaefoff {Str+6} (You found it on level 5 of the Dungeon)
  4741 | D:5      | Found a white marble altar of Elyvilon.
  4750 | D:5      | Found a glowing golden altar of the Shining One.
  4765 | D:5      | Found an opulent altar of Gozag.
  4767 | D:5      | Found a radiant altar of Vehumet.
  4953 | D:6      | Reached XP level 8. HP: 39/52 MP: 8/8
  5058 | D:6      | Reached skill level 5 in Armour
  5150 | D:6      | Found a snail-covered altar of Cheibriados.
  5174 | D:6      | Noticed bollicks1999's ghost (novice MiFi)
  5198 | D:6      | Killed bollicks1999's ghost
  5198 | D:6      | Reached skill level 7 in Fighting
  5455 | D:6      | Reached XP level 9. HP: 45/58 MP: 9/9
  5507 | D:6      | You fall through a shaft for 2 floors!
  5737 | D:8      | Found a shimmering altar of Xom.
  5752 | D:8      | Slain by an orc warrior

Action                   |  1- 3 |  4- 6 |  7- 9 || total
-------------------------+-------+-------+-------++-------
Melee: Mace              |   135 |   203 |   169 ||   507
Invok: Berserk           |     1 |     3 |     3 ||     7
  Use: Scroll            |       |     9 |       ||     9
  Eat: Chunk             |     4 |    11 |     6 ||    21
       Pizza             |       |       |     1 ||     1
